 Dungeon Crawl Stone Soup version 0.26-a0-854-gdc81c2f471 (console) character file.

Game seed: 11095838106898751183

14 Ignak the Sneak (level 2, 0/20 HPs)
             Began as a Gnoll Enchanter on Nov 23, 2020.
             Slain by a goblin
             ... wielding a +0 club
              (2 damage)
             ... on level 1 of the Dungeon.
             The game lasted 00:01:49 (1301 turns).

Ignak the Sneak (Gnoll Enchanter)                   Turns: 1301, Time: 00:01:50

Health: 0/20       AC:  2    Str: 10    XL:     2   Next: 45%
Magic:  7/7        EV: 14    Int: 17    God:
Gold:   64         SH:  0    Dex: 15    Spells: 7/10 levels left

rFire    . . .     SeeInvis +   a - +1 dagger
rCold    . . .     Faith    .   (no shield)
rNeg     . . .     Spirit   .   b - +0 robe
rPois    .         Reflect  .   (no helmet)
rElec    .         Harm     .   (no cloak)
rCorr    .         Rampage  .   (no gloves)
MR       .....                  (no boots)
Stlth    +++.......             (no amulet)
HPRegen  0.06/turn              j - ring of see invisible
MPRegen  0.10/turn              (no ring)

@: no status effects
A: distributed training, fangs 1, strong nose
a: no special abilities


You were on level 1 of the Dungeon.
You visited 1 branch of the dungeon, and saw 1 of its levels.

You collected 64 gold pieces.

Inventory:

Hand Weapons
 a - a +1 dagger (weapon)
Missiles
 h - 4 poisoned darts (quivered)
Armour
 b - a +0 robe (worn)
Jewellery
 j - a ring of see invisible (left hand)
Scrolls
 c - a scroll of remove curse {unknown}
 e - 3 scrolls of identify {unknown}
 f - a scroll of magic mapping {unknown}
 k - a scroll of teleportation {unknown}
Potions
 d - a potion of magic {unknown}
 g - a potion of degeneration {unknown}
 i - a potion of heal wounds {unknown}
 l - a potion of mutation {unknown}
 m - 2 potions of invisibility {unknown}


   Skills:
 + Level 0.4 Fighting
 + Level 2.5 Short Blades
 + Level 0.4 Long Blades
 + Level 0.4 Axes
 + Level 0.4 Maces & Flails
 + Level 0.4 Polearms
 + Level 0.4 Staves
 + Level 0.4 Slings
 + Level 0.4 Bows
 + Level 0.4 Crossbows
 + Level 0.4 Throwing
 + Level 0.4 Armour
 + Level 4.5 Dodging
 + Level 5.9 Stealth
 + Level 0.4 Shields
 + Level 0.4 Unarmed Combat
 + Level 4.9 Spellcasting
 + Level 0.2 Conjurations
 + Level 5.3 Hexes
 + Level 0.2 Summonings
 + Level 0.2 Necromancy
 + Level 0.2 Translocations
 + Level 0.2 Transmutations
 + Level 0.2 Fire Magic
 + Level 0.2 Ice Magic
 + Level 0.2 Air Magic
 + Level 0.2 Earth Magic
 + Level 0.2 Poison Magic
 + Level 0.5 Invocations
 + Level 0.4 Evocations


You had 7 spell levels left.
You knew the following spells:

 Your Spells              Type           Power        Failure   Level
a - Corona                Hex            ###....      1%          1
c - Ensorcelled Hibernat  Hex/Ice        ##....       7%          2

Your spell library contained the following spells:

 Spells                   Type           Power        Failure   Level
 Confusing Touch          Hex            ###.....     4%          3
 Tukima's Dance           Hex            ###.....     4%          3
 Dazzling Flash           Conj/Hex       ##....       14%         3


Dungeon Overview and Level Annotations

Branches:
Dungeon (1/15)

Altars:
Ashenzari


Innate Abilities, Weirdness & Mutations

Your experience applies equally to all skills.
You have very sharp teeth.
Your uncanny sense of smell can sniff out nearby items.


Message History

Press: ? - help, Shift-Dir - straight line, f/p - goblin
Aim: a goblin, wielding a +0 club You throw a poisoned dart.
The poisoned dart closely misses the goblin.
The goblin hits you with a +0 club.
* * * LOW HITPOINT WARNING * * *
Throwing (i - inventory)
h - 6 poisoned darts (quivered)
Press: ? - help, Shift-Dir - straight line, f/p - goblin
Aim: a goblin, wielding a +0 club You throw a poisoned dart.
The poisoned dart closely misses the goblin.
The goblin hits you with a +0 club.
* * * LOW HITPOINT WARNING * * *
Throwing (i - inventory)
h - 5 poisoned darts (quivered)
Press: ? - help, Shift-Dir - straight line, f/p - goblin
Aim: a goblin, wielding a +0 club You throw a poisoned dart.
The poisoned dart closely misses the goblin.
The goblin hits you with a +0 club.
You die...

#####...##...#..## .(#.#
# #..##....#...## ###(#.#
#.##.....#....## #.#)#.#
#######......#..[..##
#.#(#.#
.....#.......#......#
#.#.#.#
##########..####.####
#.#.#.# #....#.# #..#
#.#.#.#
#.##.#.###.########.#(#.#
#.##(.....g@........#.#.#
#.####.##############.#.#
#.....................#.#
######.################.#
#.# #.# #.#
############.# #.#
#............#
#.#####.############
#.......#


You could see a goblin.

Vanquished Creatures
  A dart slug (D:1)
  2 goblins (D:1)
  4 hobgoblins (D:1)
  A kobold (D:1)
  A frilled lizard (D:1)
  3 rats (D:1)
12 creatures vanquished.

Notes
Turn   | Place    | Note
-------+----------+-------------------------------------------
     0 | D:1      | Ignak the Gnoll Enchanter began the quest for the Orb.
     0 | D:1      | Reached XP level 1. HP: 13/13 MP: 6/6
   442 | D:1      | Found a broken altar of Ashenzari.
   473 | D:1      | Reached XP level 2. HP: 20/20 MP: 7/7
   476 | D:1      | Learned a level 2 spell: Ensorcelled Hibernation
  1301 | D:1      | Slain by a goblin

Illustrated notes

Levels and vault maps discovered:
D:1:      minmay_arrival_four_loops, layout_basic, minivault_24,
          nicolae_ashenzari_panopticon

Action                   || total
-------------------------++-------
Melee: Dagger            ||    41
       Bite              ||     4
Throw: Dart              ||    17
 Cast: Ensorcelled Hiber ||     1
 Stab: Sleeping          ||     3
Armor: Robe              ||     4
Dodge: Dodged            ||    24

Table legend: (Time is in decaauts)
 A = Elapsed time spent in this place.
 B = Non-inter-level travel time spent in this place.
 C = Inter-level travel time spent in this place.
 D = Time resting spent in this place.
 E = Time spent auto-exploring this place.
 F = Levels seen in this place.
 G = Mean time per level.
                   A        B        C        D        E       F      G
               +--------+--------+--------+--------+--------+-----+--------+
         Total |   1295 |   1295 |      0 |    301 |    736 |   1 | 1295.0 |
       Dungeon |   1295 |   1295 |      0 |    301 |    736 |   1 | 1295.0 |
               +--------+--------+--------+--------+--------+-----+--------+

Top non-repeatable levels by time:
     D:1: 1295 daAuts
